cohdb
Replays
Latest Replays
All Replays
Popular Replays
Top Player Replays
Match Explorer
How It Works
Community
CoH3 Stats
Reddit
Sign in to upload your games and track your stats! →
Sign in with Steam
Match 39007724
Unlisted
Match 39007724
Overview
Messages
Build Orders
End
Kettenkrad Recon Vehicle
Construct Infanterie Kompanie
Grenadier Squad
MG 42 Machine Gun Team
Grenadier Squad
Infanterie Officer Quarters
Grenadier Squad
Construct Luftwaffe Kompanie
Selects Luftwaffe Battlegroup
Selects Stuka Strafing Run
Selects Fallschirmjäger Squad Paradrop
Fallschirmjäger Squad Paradrop
221 Scout Car
Fallschirmjäger Squad Paradrop
Selects Luftwaffe Pioneer Support
Selects LG40 Recoilless Gun Paradrop
Flak 30 Anti-aircraft Gun Team
Stuka Strafing Run
Luftwaffe Officer Quarters
Selects Stuka Loiter
Jäger Squad
Support Elements
Stuka Strafing Run
Wirbelwind Flakpanzer
Stuka Strafing Run
Insomniac
Bengasi
Bruistablet
400Darbe
0
0
Comments
sign in to comment!
No comments posted yet!